WIN
SAN DIEGO (WIN) PADRES @ TEXAS (WIN) RANGERS
12/11/2048
 
TOP OF THE 1ST
San Diego (WIN) Padres batting - Pitching for Texas (WIN) Rangers : RHP Prince Gibson
Pitching: RHP Prince Gibson
Batting: RHB Dave McBain 0-0: Ball
1-0: Ball
2-0: Ball
3-0: Called Strike
3-1: Called Strike
3-2: Foul Ball, location: 2F
3-2: Foul Ball, location: 2F
3-2: Base on Balls
Batting: RHB Rodolfo Rivera 0-0: Ball
1-0: Fielders Choice at 2nd, 4-6 (Groundball, 34, EV 84.4 MPH)
Batting: LHB Chad Cutler 0-0: Ball
1-0: Called Strike
1-1: SINGLE (Groundball, 6MD, EV 102.5 MPH)
Rodolfo Rivera to second
Runner from 2nd tries for 3rd, SAFE, throw by CF made to third
Batting: SHB Adam Martin 0-0: Ball
1-0: Ball
Chad Cutler is caught stealing 2nd base 2-6
2-0: Fly out, F8 (Flyball, 8RM, EV 89.4 MPH)
Top of the 1st over - 0 runs, 1 hit, 0 errors, 1 left on base; San Diego (WIN) 0 - Texas (WIN) 0
BOTTOM OF THE 1ST
Texas (WIN) Rangers batting - Pitching for San Diego (WIN) Padres : LHP Jim Turan
Pitching: LHP Jim Turan
Batting: RHB Darnell Jones 0-0: Ball
1-0: Ball
2-0: Ground out 5-3 (Groundball, 56S, EV 88.8 MPH)
Batting: LHB Gabriel Graves 0-0: Called Strike
0-1: Fly out, F9 (Flyball, 9LS, EV 88.8 MPH)
Batting: RHB Doug Hammertime 0-0: Called Strike
0-1: Called Strike
0-2: Ball
1-2: Ball
2-2: Ball
3-2: Strikes out swinging
Bottom of the 1st over - 0 runs, 0 hits, 0 errors, 0 left on base; San Diego (WIN) 0 - Texas (WIN) 0
TOP OF THE 2ND
San Diego (WIN) Padres batting - Pitching for Texas (WIN) Rangers : RHP Prince Gibson
Batting: LHB Hugo MacBeth 0-0: Swinging Strike
0-1: Ball
1-1: Swinging Strike
1-2: Strikes out looking
Batting: LHB Angel Mejia 0-0: Swinging Strike
0-1: Ball
1-1: Swinging Strike
1-2: Strikes out looking
Batting: LHB Carlos Cuellar 0-0: Called Strike
0-1: Swinging Strike
0-2: Ball
1-2: Ground out 6-3 (Groundball, 6, EV 86.9 MPH)
Top of the 2nd over - 0 runs, 0 hits, 0 errors, 0 left on base; San Diego (WIN) 0 - Texas (WIN) 0
BOTTOM OF THE 2ND
Texas (WIN) Rangers batting - Pitching for San Diego (WIN) Padres : LHP Jim Turan
Batting: SHB David Simpson 0-0: Ball
1-0: Swinging Strike
1-1: Foul Ball, location: 2F
1-2: Strikes out swinging, 2-3 out at first.
Batting: RHB Josh Ferguson 0-0: Called Strike
0-1: Ball
1-1: Ball
2-1: Ground out 5-3 (Groundball, 56S, EV 72.5 MPH)
Batting: RHB Jose Leon 0-0: Ball
1-0: Called Strike
1-1: Fly out, F8 (Line Drive, 78M, EV 96.2 MPH)
Bottom of the 2nd over - 0 runs, 0 hits, 0 errors, 0 left on base; San Diego (WIN) 0 - Texas (WIN) 0
TOP OF THE 3RD
San Diego (WIN) Padres batting - Pitching for Texas (WIN) Rangers : RHP Prince Gibson
Batting: RHB Wally Cangro 0-0: Ball
1-0: Ball
2-0: Called Strike
2-1: Ball
3-1: Ground out 6-3 (Groundball, 56D, EV 87.5 MPH)
Batting: RHB Brian DeVoe 0-0: Ball
1-0: Ball
2-0: Called Strike
2-1: Foul Ball, location: 2F
2-2: Strikes out looking
Batting: RHB Dave McBain 0-0: Ball
1-0: Foul Ball, location: 2F
1-1: Ball
2-1: Ball
3-1: Foul Ball, location: 2F
3-2: Base on Balls
Batting: RHB Rodolfo Rivera 0-0: Fly out, F7 (Flyball, 7, EV 76.9 MPH)
Top of the 3rd over - 0 runs, 0 hits, 0 errors, 1 left on base; San Diego (WIN) 0 - Texas (WIN) 0
BOTTOM OF THE 3RD
Texas (WIN) Rangers batting - Pitching for San Diego (WIN) Padres : LHP Jim Turan
Batting: RHB Austin Mickelson 0-0: Ball
1-0: Foul Ball, location: 2F
1-1: SINGLE (Flyball, 89S, EV 88.8 MPH)
Batting: LHB Sean Gingrich 0-0: Ground out 6-3 (Groundball, 4D, EV 107.5 MPH)
Austin Mickelson to second
Batting: RHB Adryão Anto 0-0: Foul Ball, location: 2F
0-1: Foul Ball, location: 2F
0-2: Strikes out looking
Batting: RHB Darnell Jones 0-0: Called Strike
0-1: Called Strike
0-2: Ball
1-2: Foul Ball, location: 2F
1-2: Strikes out swinging
Bottom of the 3rd over - 0 runs, 1 hit, 0 errors, 1 left on base; San Diego (WIN) 0 - Texas (WIN) 0
TOP OF THE 4TH
San Diego (WIN) Padres batting - Pitching for Texas (WIN) Rangers : RHP Prince Gibson
Batting: LHB Chad Cutler 0-0: Called Strike
0-1: Called Strike
0-2: Ball
1-2: Ball
2-2: Strikes out swinging
Batting: SHB Adam Martin 0-0: Called Strike
0-1: Foul Ball, location: 2F
0-2: Strikes out swinging
Batting: LHB Hugo MacBeth 0-0: Ball
1-0: Ball
2-0: Called Strike
2-1: Called Strike
2-2: Foul Ball, location: 2F
2-2: Foul Ball, location: 2F
2-2: Foul Ball, location: 2F
2-2: Foul Ball, location: 2F
2-2: Ball
3-2: Base on Balls
Batting: LHB Angel Mejia 0-0: Ball
1-0: Foul Ball, location: 2F
1-1: Ball
2-1: Called Strike
2-2: 2-RUN HOME RUN (Flyball, 89XD, EV 105.6 MPH), Distance : 407 ft
Batting: LHB Carlos Cuellar 0-0: Ball
1-0: Swinging Strike
1-1: Ball
2-1: Ground out 4-3 (Groundball, 4S, EV 88.8 MPH)
Top of the 4th over - 2 runs, 1 hit, 0 errors, 0 left on base; San Diego (WIN) 2 - Texas (WIN) 0
BOTTOM OF THE 4TH
Texas (WIN) Rangers batting - Pitching for San Diego (WIN) Padres : LHP Jim Turan
Batting: LHB Gabriel Graves 0-0: Ball
1-0: Called Strike
1-1: Foul Ball, location: 2F
1-2: Ball
2-2: Fly out, F5 (Popup, 6, EV 70.6 MPH)
Batting: RHB Doug Hammertime 0-0: Ball
1-0: Called Strike
1-1: Ground out 4-3 (Groundball, 4MS, EV 68.1 MPH)
Batting: SHB David Simpson 0-0: Ball
1-0: Ball
2-0: Ball
3-0: Called Strike
3-1: Called Strike
3-2: Base on Balls
Batting: RHB Josh Ferguson 0-0: Called Strike
0-1: Foul Ball, location: 2F
0-2: Ball
1-2: Ball
2-2: Ball
3-2: Strikes out looking
Bottom of the 4th over - 0 runs, 0 hits, 0 errors, 1 left on base; San Diego (WIN) 2 - Texas (WIN) 0
TOP OF THE 5TH
San Diego (WIN) Padres batting - Pitching for Texas (WIN) Rangers : RHP Prince Gibson
Batting: RHB Wally Cangro 0-0: Foul Ball, location: 2F
0-1: Called Strike
0-2: Strikes out swinging
Batting: RHB Brian DeVoe 0-0: Ball
1-0: Called Strike
1-1: Swinging Strike
1-2: Ball
2-2: Strikes out swinging
Batting: RHB Dave McBain 0-0: Called Strike
0-1: Called Strike
0-2: Ball
1-2: Ball
2-2: Ball
3-2: SINGLE (Groundball, 5D, EV 109.4 MPH)
Batting: RHB Rodolfo Rivera 0-0: Fly out, F8 (Flyball, 78M, EV 90.0 MPH)
Top of the 5th over - 0 runs, 1 hit, 0 errors, 1 left on base; San Diego (WIN) 2 - Texas (WIN) 0
BOTTOM OF THE 5TH
Texas (WIN) Rangers batting - Pitching for San Diego (WIN) Padres : LHP Jim Turan
Batting: RHB Jose Leon 0-0: Ball
1-0: Foul Ball, location: 2F
1-1: Ball
2-1: Swinging Strike
2-2: Foul Ball, location: 2F
2-2: Ball
3-2: Ground out 6-3 (Groundball, 6, EV 106.2 MPH)
Batting: RHB Austin Mickelson 0-0: Called Strike
0-1: Ball
1-1: Fly out, F5 (Popup, 25F, EV 83.1 MPH)
Batting: LHB Sean Gingrich 0-0: Called Strike
0-1: Ball
1-1: Ball
2-1: Swinging Strike
2-2: Strikes out swinging, 2-3 out at first.
Bottom of the 5th over - 0 runs, 0 hits, 0 errors, 0 left on base; San Diego (WIN) 2 - Texas (WIN) 0
TOP OF THE 6TH
San Diego (WIN) Padres batting - Pitching for Texas (WIN) Rangers : RHP Prince Gibson
Batting: LHB Chad Cutler 0-0: Called Strike
0-1: Ball
1-1: Foul Ball, location: 2F
1-2: Ball
2-2: Ball
3-2: DOUBLE (Line Drive, 9LM, EV 107.5 MPH)
Batting: SHB Adam Martin 0-0: Ball
1-0: Foul Ball, location: 2F
1-1: Swinging Strike
1-2: Ball
2-2: SINGLE (Groundball, 6S, EV 72.5 MPH) (infield hit)
Chad Cutler to third
Batting: LHB Hugo MacBeth 0-0: Ball
1-0: Ball
2-0: Ball
3-0: Called Strike
3-1: Base on Balls
Adam Martin to second
Batting: LHB Angel Mejia 0-0: Ball
1-0: Ball
2-0: Ball
3-0: Base on Balls
Chad Cutler scores
Adam Martin to third
Hugo MacBeth to second
Batting: LHB Carlos Cuellar 0-0: Foul Ball, location: 2F
0-1: SINGLE (Line Drive, 8RS, EV 105.6 MPH)
Adam Martin scores
Hugo MacBeth to third
Angel Mejia to second
Batting: RHB Wally Cangro 0-0: Fly out, F8 (Flyball, 8LM, EV 83.8 MPH)
Runner from 3rd tags up, SCORES, throw by CF
Batting: RHB Brian DeVoe 0-0: Ball
1-0: Ball
2-0: Ball
3-0: Base on Balls
Angel Mejia to third
Carlos Cuellar to second
Batting: RHB Dave McBain 0-0: Ball
1-0: Fielders Choice at 2nd, 3-6 (Groundball, 3, EV 86.9 MPH)
Angel Mejia scores
Carlos Cuellar to third
Batting: RHB Rodolfo Rivera 0-0: Called Strike
0-1: Ball
1-1: Called Strike
1-2: Ball
2-2: Ball
3-2: Base on Balls
Dave McBain to second
Pitching: RHP Ryan Jones
Batting: LHB Chad Cutler 0-0: Called Strike
0-1: Ball
1-1: Ball
2-1: Foul Ball, location: 2F
2-2: Ground out 4-3 (Groundball, 4, EV 99.4 MPH)
Top of the 6th over - 4 runs, 3 hits, 0 errors, 3 left on base; San Diego (WIN) 6 - Texas (WIN) 0
BOTTOM OF THE 6TH
Texas (WIN) Rangers batting - Pitching for San Diego (WIN) Padres : LHP Jim Turan
Batting: RHB Adryão Anto 0-0: Called Strike
0-1: Foul Ball, location: 2F
0-2: Ball
1-2: Strikes out swinging
Batting: RHB Darnell Jones 0-0: Swinging Strike
0-1: Foul Ball, location: 2F
0-2: Ball
1-2: Ball
2-2: Strikes out swinging
Batting: LHB Gabriel Graves 0-0: Called Strike
0-1: Ball
1-1: Foul Ball, location: 2F
1-2: Strikes out swinging
Bottom of the 6th over - 0 runs, 0 hits, 0 errors, 0 left on base; San Diego (WIN) 6 - Texas (WIN) 0
TOP OF THE 7TH
San Diego (WIN) Padres batting - Pitching for Texas (WIN) Rangers : RHP Ryan Jones
Batting: SHB Adam Martin 0-0: Foul Ball, location: 2F
0-1: Foul Ball, location: 2F
0-2: Strikes out looking
Batting: LHB Hugo MacBeth 0-0: Ball
1-0: Called Strike
1-1: Swinging Strike
1-2: DOUBLE (Line Drive, 3D, EV 106.2 MPH)
Batting: LHB Angel Mejia 0-0: Ground out 6-3 (Groundball, 6, EV 85.0 MPH)
Batting: LHB Carlos Cuellar 0-0: Called Strike
0-1: Ball
1-1: Swinging Strike
1-2: Ball
2-2: Strikes out swinging
Top of the 7th over - 0 runs, 1 hit, 0 errors, 1 left on base; San Diego (WIN) 6 - Texas (WIN) 0
BOTTOM OF THE 7TH
Texas (WIN) Rangers batting - Pitching for San Diego (WIN) Padres : LHP Jim Turan
Batting: RHB Doug Hammertime 0-0: Ball
1-0: Called Strike
1-1: SINGLE (Flyball, 8LS, EV 92.5 MPH)
Pitching: RHP Chris Pisor
Batting: SHB David Simpson 0-0: Swinging Strike
Doug Hammertime steals 2nd, throwing error, E2
Doug Hammertime to third
0-1: Ball
1-1: Called Strike
1-2: Foul Ball, location: 2F
1-2: Strikes out swinging
Batting: RHB Josh Ferguson 0-0: Ground out 6-3 (Groundball, 6, EV 86.9 MPH)
Doug Hammertime scores
Batting: RHB Jose Leon 0-0: Foul Ball, location: 2F
0-1: Swinging Strike
0-2: Ball
1-2: Ball
2-2: Foul Ball, location: 2F
2-2: Ball
3-2: Foul Ball, location: 2F
3-2: Base on Balls
Batting: RHB Austin Mickelson 0-0: Swinging Strike
0-1: Called Strike
0-2: Ball
1-2: Ball
2-2: SINGLE (Line Drive, 6M, EV 108.8 MPH)
Jose Leon to second
Batting: LHB Sean Gingrich 0-0: Swinging Strike
0-1: Ball
1-1: Foul Ball, location: 2F
1-2: Strikes out swinging
Bottom of the 7th over - 1 run, 2 hits, 1 error, 2 left on base; San Diego (WIN) 6 - Texas (WIN) 1
TOP OF THE 8TH
San Diego (WIN) Padres batting - Pitching for Texas (WIN) Rangers : RHP Ryan Jones
Batting: RHB Wally Cangro 0-0: Called Strike
0-1: Ball
1-1: Called Strike
1-2: Foul Ball, location: 2F
1-2: Strikes out looking
Batting: RHB Brian DeVoe 0-0: Ball
1-0: Called Strike
1-1: Swinging Strike
1-2: Foul Ball, location: 2F
1-2: Ground out 3-1 (Groundball, 34S, EV 86.9 MPH)
Batting: RHB Dave McBain 0-0: Foul Ball, location: 2F
0-1: Ball
1-1: Foul Ball, location: 2F
1-2: Fly out, F8 (Flyball, 8RD, EV 91.2 MPH)
Top of the 8th over - 0 runs, 0 hits, 0 errors, 0 left on base; San Diego (WIN) 6 - Texas (WIN) 1
BOTTOM OF THE 8TH
Texas (WIN) Rangers batting - Pitching for San Diego (WIN) Padres : RHP Chris Pisor
Batting: RHB Adryão Anto 0-0: Ball
1-0: Reached on error, E6 (Groundball, 6S, EV 68.1 MPH)
Pitching: LHP Ismael Diaz
Batting: RHB Darnell Jones 0-0: Called Strike
0-1: Swinging Strike
0-2: Foul Ball, location: 2F
0-2: Ball
1-2: Ball
2-2: Foul Ball, location: 2F
2-2: Strikes out looking
Pinch Hitting: RHB Martin Guerrero 0-0: Swinging Strike
0-1: Ball
1-1: Ball
2-1: Foul Ball, location: 2F
2-2: Fly out, F8 (Line Drive, 8LM, EV 101.9 MPH)
Batting: RHB Doug Hammertime 0-0: Ball
1-0: Called Strike
1-1: Ball
Wild Pitch!
Adryão Anto to second
2-1: Ball
3-1: Foul Ball, location: 2F
3-2: Base on Balls
Batting: SHB David Simpson 0-0: Ball
1-0: Ball
2-0: Called Strike
2-1: Fielders Choice at 2nd, U6 (Groundball, 6M, EV 87.5 MPH)
Bottom of the 8th over - 0 runs, 0 hits, 1 error, 2 left on base; San Diego (WIN) 6 - Texas (WIN) 1
TOP OF THE 9TH
San Diego (WIN) Padres batting - Pitching for Texas (WIN) Rangers : RHP Ryan Jones
Now at 2B: Martin Guerrero
Batting: RHB Rodolfo Rivera 0-0: Called Strike
0-1: Swinging Strike
0-2: Foul Ball, location: 2F
0-2: Foul Ball, location: 2F
0-2: Fly out, F4 (Line Drive, 4D, EV 71.2 MPH)
Batting: LHB Chad Cutler 0-0: Ball
1-0: Foul Ball, location: 2F
1-1: Ball
2-1: Ball
3-1: Base on Balls
Batting: SHB Adam Martin 0-0: Called Strike
0-1: Ball
1-1: Ball
2-1: Foul Ball, location: 2F
2-2: Ground out 4-3 (Groundball, 3, EV 104.4 MPH)
Chad Cutler to second
Batting: LHB Hugo MacBeth 0-0: Called Strike
0-1: Foul Ball, location: 2F
0-2: Ball
1-2: Ball
2-2: Strikes out looking
Top of the 9th over - 0 runs, 0 hits, 0 errors, 1 left on base; San Diego (WIN) 6 - Texas (WIN) 1
BOTTOM OF THE 9TH
Texas (WIN) Rangers batting - Pitching for San Diego (WIN) Padres : LHP Ismael Diaz
Batting: RHB Josh Ferguson 0-0: Ball
1-0: Ball
2-0: Called Strike
2-1: SINGLE (Groundball, 4MS, EV 73.8 MPH) (infield hit)
Pitching: RHP Dave Waterman
Batting: RHB Jose Leon 0-0: Swinging Strike
0-1: Ball
1-1: Called Strike
1-2: Strikes out swinging
Batting: RHB Austin Mickelson 0-0: Called Strike
0-1: Called Strike
0-2: Strikes out swinging
Batting: LHB Sean Gingrich 0-0: Ball
1-0: Ball
2-0: Called Strike
2-1: Ball
3-1: Fly out, F8 (Flyball, 8LD, EV 101.9 MPH)
Bottom of the 9th over - 0 runs, 1 hit, 0 errors, 1 left on base; San Diego (WIN) 6 - Texas (WIN) 1
Tuesday, March 28th , 2023 - OOTP Baseball 23.10 Build 110